[Event "Friday 12 January Rapid Engine Tour12+1 Rponds 9 Starts 1600 ST"]
[Site "Infinity Chess"]
[Date "2018.1.12"]
[Round "4"]
[White "localhero"]
[Black "Gilgamesch"]
[Result "1/2-1/2"]
[ECO "D04"]
[WhiteElo "2429"]
[BlackElo "2511"]
[WhiteEngine "asmFishW_2017-10-04_popcnt"]
[BlackEngine "BrainFish_171005_x64_bmi2"]
[EventType "Swiss"]
[WhiteTeam ""]
[BlackTeam ""]
[PlyCount "60"]
[TimeControl "720+1"]

1. d4 d5 2. Nf3 Nf6 3. e3 c5 4. Nbd2 e6 5. c3 b6 6. Bb5+ Nbd7 7. e4 dxe4 
8. Nxe4 Nxe4 9. Bc6 Rb8 10. Bxe4 Qc7 11. Qe2 Bd6 12. Bg5 O-O 13. O-O b5 
14. Rad1 c4 15. Bh4 b4 16. Rfe1 bxc3 17. bxc3 Nb6 18. Bg3 Bxg3 19. fxg3 f5 
20. Bb1 Nd5 21. Qd2 Rb6 22. Ne5 Bb7 23. Re2 Nf6 24. Qc1 Bd5 25. Bc2 Rfb8 
26. Rde1 g6 27. Qg5 Qg7 28. Qc1 Qc7 29. Qg5 Qg7 30. Qc1 Qc7 1/2-1/2

[Event "Friday 12 January Rapid Engine Tour12+1 Rponds 9 Starts 1600 ST"]
[Site "Infinity Chess"]
[Date "2018.1.12"]
[Round "3"]
[White "hafaba"]
[Black "MedusaV3"]
[Result "1/2-1/2"]
[ECO "D37"]
[WhiteElo "2417"]
[BlackElo "2356"]
[WhiteEngine "Stockfish SL 07012018 POPCNT_CTG"]
[BlackEngine "komodo-11.2.2-64bit"]
[EventType "Swiss"]
[WhiteTeam ""]
[BlackTeam ""]
[PlyCount "131"]
[TimeControl "720+1"]

1. d4 d5 2. c4 e6 3. Nc3 Nf6 4. Nf3 Be7 5. Bf4 O-O 6. e3 c5 7. dxc5 Bxc5 
8. cxd5 exd5 9. Be2 Nc6 10. O-O Be6 11. Rc1 Be7 12. Nd4 Rc8 13. Nxc6 Rxc6 
14. Bb5 Rc8 15. Bd3 Bc5 16. Na4 Bd6 17. Rxc8 Bxc8 18. Bxd6 Qxd6 19. Nc3 Be6 
20. h3 g6 21. Qd2 Rc8 22. Bc2 Qb6 23. Bb1 Kg7 24. Ne2 Bd7 25. Rd1 Bb5 
26. Nf4 Qc5 27. g4 a6 28. b4 Qe7 29. Qb2 Kg8 30. Bd3 Bc4 31. a3 b5 32. Be2 g5 
33. Nh5 Nxh5 34. gxh5 Qe6 35. Bg4 f5 36. Bf3 h6 37. Kh2 Rc7 38. Bg2 Rd7 
39. Kg1 f4 40. exf4 gxf4 41. Kh2 d4 42. Bf3 Qe5 43. a4 bxa4 44. Qc2 Rc7 
45. Rg1+ Kf8 46. Qxa4 d3 47. b5 axb5 48. Qa6 Rg7 49. Qxh6 Kf7 50. Rxg7+ Qxg7 
51. Qxf4+ Qf6 52. Qe3 d2 53. Bd1 Qd6+ 54. Kg1 Qd3 55. Qxd3 Bxd3 56. Kg2 Bf5 
57. Kf3 Bxh3 58. Ke3 Kg7 59. Kxd2 Be6 60. Kc3 Kh6 61. f4 Bc4 62. Kb4 Bf7 
63. Kxb5 Bxh5 64. Bb3 Kg6 65. Bc2+ Kf6 66. Kc5 1/2-1/2

[Event "Friday 12 January Rapid Engine Tour12+1 Rponds 9 Starts 1600 ST"]
[Site "Infinity Chess"]
[Date "2018.1.12"]
[Round "3"]
[White "SkyPilot"]
[Black "KillBill2017"]
[Result "1/2-1/2"]
[ECO "C50"]
[WhiteElo "2441"]
[BlackElo "2396"]
[WhiteEngine "stockfish_x64_bmi2_2018_01_01_CTG"]
[BlackEngine "Raubfisch X37b1._CTG"]
[EventType "Swiss"]
[WhiteTeam ""]
[BlackTeam ""]
[PlyCount "47"]
[TimeControl "720+1"]

1. e4 e5 2. Nf3 Nc6 3. Bc4 Bc5 4. O-O d6 5. c3 Nf6 6. d3 a5 7. Re1 O-O 
8. Nbd2 Ba7 9. h3 h6 10. Nf1 Be6 11. Bb5 Ne7 12. Ng3 c6 13. Ba4 b5 14. Bc2 a4 
15. d4 Ng6 16. b3 axb3 17. axb3 Qc7 18. Be3 Rfe8 19. b4 Bb6 20. Qd2 Qe7 
21. Red1 Qc7 22. Re1 Qe7 23. Red1 Qc7 24. Re1 1/2-1/2

[Event "Friday 12 January Rapid Engine Tour12+1 Rponds 9 Starts 1600 ST"]
[Site "Infinity Chess"]
[Date "2018.1.12"]
[Round "3"]
[White "neófito"]
[Black "Thor"]
[Result "1-0"]
[ECO "D31"]
[WhiteElo "2405"]
[BlackElo "2428"]
[WhiteEngine "BrainFish_180106_x64_bmi2_CTG"]
[BlackEngine "asmFishW_2017-11-19_bmi2"]
[EventType "Swiss"]
[WhiteTeam ""]
[BlackTeam ""]
[PlyCount "71"]
[TimeControl "720+1"]

1. d4 d5 2. c4 e6 3. Nc3 c6 4. e4 dxe4 5. Nxe4 Bb4+ 6. Bd2 Qxd4 7. Bxb4 Qxe4+ 
8. Be2 Na6 9. Ba5 Bd7 10. Nf3 Ne7 11. O-O c5 12. Bd3 Qg4 13. h3 Qh5 14. Be4 Bc6 
15. Bxc6+ Nxc6 16. Qd6 Nd4 17. Ne5 b6 18. Qd7+ Kf8 19. Rfe1 f6 20. Qd6+ Kg8 
21. Nc6 h6 22. Bc3 Kh7 23. Bxd4 cxd4 24. Rxe6 Rhe8 25. Rae1 Rxe6 26. Rxe6 Re8 
27. g4 Rxe6 28. Qxe6 Qg6 29. Nxd4 Nc5 30. Qf5 Qxf5 31. gxf5 a5 32. Kg2 Ne4 
33. b3 h5 34. h4 Nd6 35. Kf3 Kg8 36. Kf4 1-0

[Event "Friday 12 January Rapid Engine Tour12+1 Rponds 9 Starts 1600 ST"]
[Site "Infinity Chess"]
[Date "2018.1.12"]
[Round "3"]
[White "MarioDeMonti"]
[Black "Satria_Ungu"]
[Result "1/2-1/2"]
[ECO "C55"]
[WhiteElo "2405"]
[BlackElo "2408"]
[WhiteEngine "stockfish_x64_bmi2_2018_01_01_CTG"]
[BlackEngine "Houdini 6"]
[EventType "Swiss"]
[WhiteTeam ""]
[BlackTeam ""]
[PlyCount "110"]
[TimeControl "720+1"]

1. e4 e5 2. Nf3 Nc6 3. Bc4 Nf6 4. d3 Bc5 5. c3 d6 6. O-O O-O 7. h3 a5 8. Nbd2 h6 
9. Re1 Be6 10. Bb5 Qb8 11. Nf1 Qa7 12. Re2 a4 13. Ng3 Bb6 14. d4 Qa5 
15. Bxc6 bxc6 16. Be3 Qb5 17. dxe5 dxe5 18. Bxb6 cxb6 19. Qd6 Bc4 20. Rd2 Rad8 
21. Qb4 Qxb4 22. cxb4 Rxd2 23. Nxd2 Bb5 24. Rc1 Rd8 25. Nf3 Re8 26. Nd2 g6 
27. Nc4 h5 28. h4 Rd8 29. f3 Bxc4 30. Rxc4 Rd2 31. Rxc6 Nd7 32. a3 Rxb2 
33. Rd6 Nf8 34. Rxb6 Ra2 35. Ra6 Rxa3 36. Nf1 Ra1 37. b5 Ne6 38. Ra8+ Kg7 
39. b6 Rb1 40. Rxa4 Rxb6 41. Nd2 Nc5 42. Ra5 Rc6 43. Nc4 Nxe4 44. Nxe5 Rc1+ 
45. Kh2 Rc5 46. Rxc5 Nxc5 47. Kg3 Ne6 48. Nd7 Nd4 49. Kf4 Nf5 50. g3 Nd4 
51. g4 Ne6+ 52. Ke5 g5 53. hxg5 Nxg5 54. Kf5 hxg4 55. Kxg4 Ne6 1/2-1/2

[Event "Friday 12 January Rapid Engine Tour12+1 Rponds 9 Starts 1600 ST"]
[Site "Infinity Chess"]
[Date "2018.1.12"]
[Round "3"]
[White "miguello"]
[Black "angriff"]
[Result "1/2-1/2"]
[ECO "A41"]
[WhiteElo "2423"]
[BlackElo "2412"]
[WhiteEngine "asmFishW_2017-11-19_popcnt_CTG"]
[BlackEngine "SF_64BIT_POPCNT_CTG"]
[EventType "Swiss"]
[WhiteTeam ""]
[BlackTeam ""]
[PlyCount "119"]
[TimeControl "720+1"]

1. d4 d6 2. e4 Nf6 3. Nc3 e6 4. Nf3 Be7 5. Bd3 Nbd7 6. O-O e5 7. Re1 O-O 
8. a4 c6 9. h3 Re8 10. Be3 exd4 11. Nxd4 Nc5 12. a5 Bd7 13. Nf3 Qc7 14. b4 Nxd3 
15. cxd3 d5 16. Rb1 h6 17. Qd2 Qd8 18. e5 Nh7 19. Na4 Nf8 20. Bc5 Ng6 21. d4 Bf5 
22. Rb2 b6 23. axb6 axb6 24. Bxb6 Qd7 25. Ba5 Be4 26. Re3 Reb8 27. Reb3 Qf5 
28. Ne1 Qg5 29. Qxg5 hxg5 30. f3 Bf5 31. g4 Bc8 32. Bc7 Rb7 33. Nb6 Ra1 
34. Nxc8 Rxc7 35. Nxe7+ Rxe7 36. Kf2 f6 37. b5 cxb5 38. Nd3 fxe5 39. dxe5 Nxe5 
40. Nxe5 Rxe5 41. Rxb5 Rh1 42. Kg2 Rd1 43. Kg3 Re3 44. Rb8+ Kh7 45. R8b5 Rf1 
46. Rf2 Rg1+ 47. Rg2 Rf1 48. Rf2 Rg1+ 49. Rg2 Rd1 50. Rgb2 Kg8 51. Kf2 Ree1 
52. Kg3 Kh7 53. Rg2 Re3 54. Rf2 Kg6 55. Rh2 Kf6 56. Rf2 Rg1+ 57. Kh2 Rd1 
58. Kg3 Rg1+ 59. Kh2 Rd1 60. Kg3 1/2-1/2

[Event "Friday 12 January Rapid Engine Tour12+1 Rponds 9 Starts 1600 ST"]
[Site "Infinity Chess"]
[Date "2018.1.12"]
[Round "3"]
[White "localhero"]
[Black "ocirema"]
[Result "1-0"]
[ECO "D04"]
[WhiteElo "2413"]
[BlackElo "2413"]
[WhiteEngine "asmFishW_2017-10-04_popcnt"]
[BlackEngine "stockfish_18010422_x64_modern_CTG"]
[EventType "Swiss"]
[WhiteTeam ""]
[BlackTeam ""]
[PlyCount "215"]
[TimeControl "720+1"]

1. d4 d5 2. Nf3 Nf6 3. e3 c5 4. Nbd2 e6 5. c3 Nbd7 6. Bd3 Be7 7. O-O b6 
8. e4 dxe4 9. Nxe4 O-O 10. Nxf6+ Nxf6 11. dxc5 Bxc5 12. Bf4 Bb7 13. Qe2 Bd6 
14. Ne5 Qc7 15. Rad1 Rad8 16. Rfe1 Nd5 17. Bg3 Nf6 18. Bf4 Qc5 19. a3 a6 
20. a4 Bb8 21. Bg3 a5 22. Bc2 g6 23. Qb5 Rxd1 24. Rxd1 Rc8 25. Rd4 Kg7 
26. Qe2 Bc7 27. h4 Rf8 28. Bd3 Rc8 29. Qe1 Ba8 30. Bf1 h5 31. Bb5 Qe7 
32. Qd2 Ne4 33. Qd3 Nf6 34. Nd7 Bxg3 35. Qxg3 Nxd7 36. Rxd7 Qf6 37. Qd6 Bd5 
38. Qxb6 Qxh4 39. Ba6 Rc6 40. Qxa5 Qf4 41. Bd3 Bc4 42. Rd4 Qc1+ 43. Kh2 Bxd3 
44. Qe5+ f6 45. Rd7+ Kh6 46. Qxf6 Bf5 47. Qf8+ Kg5 48. Qe7+ Kh6 49. Qf8+ Kg5 
50. Qe7+ Kh6 51. Qg7+ Kg5 52. Rd4 e5 53. Qe7+ Kh6 54. Qxe5 Rc8 55. a5 Rg8 
56. Qe2 Bc8 57. a6 Bxa6 58. Qxa6 Qxb2 59. Qc4 Rg7 60. Rf4 Qb7 61. g3 Kh7 
62. Qf1 Re7 63. c4 Qc7 64. Qd3 Qe5 65. Qd8 Rb7 66. Rf8 Kg7 67. Rg8+ Kh7 
68. Re8 Qc5 69. Qf6 Rg7 70. Qf4 Rc7 71. Re6 Rg7 72. Kg1 Qf5 73. Qe3 h4 
74. Re4 g5 75. gxh4 gxh4+ 76. Kf1 Kg8 77. Re8+ Kh7 78. Qe4 Qxe4 79. Rxe4 Kh6 
80. Rxh4+ Kg5 81. Rh3 Rc7 82. Rg3+ Kf6 83. Rc3 Ke5 84. c5 Kd4 85. Rc1 Kd3 
86. c6 Kd2 87. Rc5 Kd3 88. Kg2 Kd4 89. Rc2 Ke4 90. Kg3 Kd3 91. Rc1 Ke4 
92. Kg4 Ke5 93. Kg5 Ke6 94. Kg6 Ke5 95. f4+ Ke4 96. f5 Rc8 97. f6 Rg8+ 
98. Kf7 Ra8 99. c7 Rc8 100. Ke7 Ke3 101. Kd7 Ra8 102. c8=Q Ra7+ 103. Ke6 Re7+ 
104. Kxe7 Ke4 105. f7 Kd3 106. f8=Q Ke4 107. Qc3 Kd5 108. Qa8# 1-0

[Event "Friday 12 January Rapid Engine Tour12+1 Rponds 9 Starts 1600 ST"]
[Site "Infinity Chess"]
[Date "2018.1.12"]
[Round "3"]
[White "IronMan"]
[Black "CrapCleaner"]
[Result "1/2-1/2"]
[ECO "C21"]
[WhiteElo "2420"]
[BlackElo "2413"]
[WhiteEngine "Stockfish SL FA PB BMI2"]
[BlackEngine "komodo-11.01-64bit_CTG"]
[EventType "Swiss"]
[WhiteTeam ""]
[BlackTeam ""]
[PlyCount "131"]
[TimeControl "720+1"]

1. e4 e5 2. d4 exd4 3. Nf3 Nc6 4. Nxd4 Nf6 5. Nxc6 bxc6 6. Nc3 Bb4 7. Bd3 d5 
8. exd5 cxd5 9. O-O O-O 10. h3 c6 11. Bf4 Be6 12. Ne2 Bc5 13. c3 Re8 14. Nd4 Bd7 
15. Re1 Ne4 16. Bxe4 dxe4 17. Nb3 Bb6 18. c4 f5 19. c5 Bc7 20. Bxc7 Qxc7 
21. Qc2 h6 22. Rad1 Rad8 23. Qc3 Bc8 24. Nd4 Kh7 25. a3 a6 26. Qc1 Re5 
27. Qf4 Rdd5 28. b4 Re7 29. Qc1 Red7 30. Qe3 Rd8 31. Rd2 Re8 32. f4 Red8 
33. Red1 a5 34. Nb3 Rxd2 35. Rxd2 axb4 36. axb4 Rxd2 37. Qxd2 Qb7 38. Kh2 Be6 
39. Nd4 Qd7 40. Qc3 Bd5 41. Kg3 Qf7 42. Nc2 Qc7 43. Ne3 Be6 44. Qd4 Kg6 
45. h4 Qb8 46. Qd2 Kf7 47. h5 Qa7 48. Qd4 Qa6 49. Kf2 Qa2+ 50. Kf1 Qb3 
51. Ke2 Qa2+ 52. Ke1 Qb3 53. Ke2 Qa2+ 54. Kf1 Qa3 55. Kf2 Qb3 56. Qe5 Qxb4 
57. Nxf5 Qd2+ 58. Kg3 Qe1+ 59. Kh2 Bxf5 60. Qxf5+ Kg8 61. Qe6+ Kf8 62. Qxc6 Qh4+ 
63. Kg1 Qe1+ 64. Kh2 Qh4+ 65. Kg1 Qe1+ 66. Kh2 1/2-1/2

[Event "Friday 12 January Rapid Engine Tour12+1 Rponds 9 Starts 1600 ST"]
[Site "Infinity Chess"]
[Date "2018.1.12"]
[Round "3"]
[White "Dovahkiin"]
[Black "Neoxium"]
[Result "1/2-1/2 "]
[ECO ""]
[WhiteElo "2446"]
[BlackElo "2451"]
[WhiteEngine "BrainFish_180106_x64_modern_CTG"]
[BlackEngine "Stockfish SL FA PB BMI2"]
[EventType "Swiss"]
[WhiteTeam ""]
[BlackTeam ""]
[PlyCount "240"]
[TimeControl "720+1"]

1. e3 Nf6 2. d3 g6 3. d4 d5 4. Nf3 Bg7 5. Be2 O-O 6. O-O c5 7. dxc5 Ne4 
8. Nc3 Bxc3 9. bxc3 Nxc3 10. Qe1 Nxe2+ 11. Qxe2 Na6 12. c4 dxc4 13. Qxc4 Be6 
14. Qc3 Rc8 15. e4 Rxc5 16. Qb2 Qb6 17. Qxb6 axb6 18. Be3 Rc4 19. Rfb1 Rxe4 
20. Ng5 Re5 21. Nxe6 Rxe6 22. Bxb6 Rc8 23. Be3 Nc5 24. a4 b6 25. Kf1 Nd7 
26. Rb4 Rd6 27. Re4 Kf8 28. Re1 e5 29. Rb4 Ke7 30. h3 Rdc6 31. Reb1 Rc4 
32. Bxb6 Nxb6 33. Rxb6 Rxa4 34. g3 Rc2 35. R1b5 e4 36. g4 Kf8 37. Rb2 Rc1+ 
38. Kg2 Raa1 39. Re2 Rg1+ 40. Kh2 Rh1+ 41. Kg3 g5 42. Rxe4 Rag1+ 43. Kf3 Rxh3+ 
44. Ke2 Rh4 45. Rb8+ Kg7 46. Rbb4 Kg6 47. Rb6+ Kg7 48. Rbb4 h6 49. Kf3 Rh3+ 
50. Ke2 Rhh1 51. Kf3 Rh3+ 52. Ke2 Ra1 53. Ra4 Rb1 54. Rab4 Rg1 55. Rbd4 Rg2 
56. Re5 Rh4 57. Kf3 Rhh2 58. Re2 Rg1 59. Ree4 Rb1 60. Kg3 Rh4 61. Kg2 Rhh1 
62. Rb4 Ra1 63. Rbd4 Kg6 64. Rd6+ Kg7 65. Rdd4 Rhg1+ 66. Kh2 h5 67. gxh5 Rh1+ 
68. Kg3 Rag1+ 69. Kf3 Rxh5 70. Rg4 Rxg4 71. Rxg4 f5 72. Rc4 Rh3+ 73. Kg2 Ra3 
74. f3 Ra6 75. Kg3 Rd6 76. Rc5 Kg6 77. Rc8 Kg7 78. Ra8 Rc6 79. Ra7+ Kf6 
80. Ra5 Kg6 81. Ra8 Rc3 82. Kg2 Rc2+ 83. Kg3 f4+ 84. Kh3 Rc1 85. Kg2 Rb1 
86. Rg8+ Kh6 87. Rh8+ Kg6 88. Rg8+ Kf6 89. Rf8+ Ke5 90. Ra8 Kf6 91. Rf8+ Kg7 
92. Rf5 Kg6 93. Rf8 Rb5 94. Kh3 Rb3 95. Kg4 Rb5 96. Ra8 Re5 97. Ra1 Kf6 
98. Ra6+ Re6 99. Ra5 Re1 100. Rf5+ Ke7 101. Kxg5 Rg1+ 102. Kxf4 Ra1 103. Rc5 Kf7 
104. Kf5 Rb1 105. f4 Kf8 106. Rc8+ Ke7 107. Rc7+ Kf8 108. Rc8+ Ke7 109. Rc4 Kf8 
110. Kf6 Rb6+ 111. Kg5 Kf7 112. Rc7+ Kg8 113. Re7 Rd6 114. Kf5 Kf8 115. Ra7 Rd1 
116. Ra8+ Kg7 117. Ra5 Rb1 118. Rc5 Kf8 119. Rd5 Ra1 120. Rd8+ Ke7 1/2-1/2

[Event "Friday 12 January Rapid Engine Tour12+1 Rponds 9 Starts 1600 ST"]
[Site "Infinity Chess"]
[Date "2018.1.12"]
[Round "3"]
[White "Thinker"]
[Black "KhalidOmar"]
[Result "1/2-1/2"]
[ECO "B90"]
[WhiteElo "2448"]
[BlackElo "2451"]
[WhiteEngine "BrainFish_180106_x64_modern_CTG"]
[BlackEngine "Eman 1.61a 64-bit BMI2"]
[EventType "Swiss"]
[WhiteTeam ""]
[BlackTeam ""]
[PlyCount "119"]
[TimeControl "720+1"]

1. e4 c5 2. Nf3 d6 3. d4 cxd4 4. Nxd4 Nf6 5. Nc3 a6 6. Be3 e5 7. Nb3 Be7 
8. Be2 Be6 9. Qd3 O-O 10. O-O Nc6 11. a3 Rc8 12. Rac1 Nd7 13. Rfd1 Nc5 
14. Nxc5 dxc5 15. Qxd8 Rfxd8 16. Nd5 Bxd5 17. Rxd5 Rxd5 18. exd5 Nd4 19. Bg4 Rd8 
20. c3 Nb3 21. Rd1 b5 22. d6 Rxd6 23. Rxd6 Bxd6 24. Kf1 b4 25. Be2 bxc3 
26. bxc3 a5 27. a4 c4 28. Bb6 Kf8 29. Ke1 Nc5 30. Bxa5 Nxa4 31. Bxc4 g6 
32. g4 f6 33. Ke2 Ke7 34. f3 Nc5 35. Bb4 Ne6 36. Ke3 Bc5+ 37. Kd3 Bxb4 
38. cxb4 Nd4 39. Bd5 Kd6 40. Kc4 Nc2 41. Be4 Ne3+ 42. Kd3 Ng2 43. Bb7 f5 
44. gxf5 gxf5 45. Kc4 h5 46. Bc8 Ne3+ 47. Kd3 Nd5 48. Bxf5 Nxb4+ 49. Ke4 Nd5 
50. Bg6 Nc3+ 51. Kf5 h4 52. Kg4 Ne2 53. h3 Nd4 54. Be4 Ke7 55. Kxh4 Kf6 
56. Kh5 Kg7 57. Bb7 Nxf3 58. Bxf3 e4 59. Bxe4 Kh8 60. h4 1/2-1/2

[Event "Friday 12 January Rapid Engine Tour12+1 Rponds 9 Starts 1600 ST"]
[Site "Infinity Chess"]
[Date "2018.1.12"]
[Round "3"]
[White "Time_bandit"]
[Black "Cepri"]
[Result "1/2-1/2"]
[ECO "D04"]
[WhiteElo "2454"]
[BlackElo "2461"]
[WhiteEngine "asmFishW_2017-11-19_popcnt"]
[BlackEngine "BrainFish_180106_x64"]
[EventType "Swiss"]
[WhiteTeam ""]
[BlackTeam ""]
[PlyCount "119"]
[TimeControl "720+1"]

1. d4 d5 2. Nf3 Nf6 3. e3 c5 4. c4 cxd4 5. exd4 g6 6. Qb3 Bg7 7. cxd5 O-O 
8. Nc3 Nbd7 9. a4 a5 10. Bd3 Nb6 11. O-O Nfxd5 12. Nxd5 Nxd5 13. Re1 e6 
14. Bc4 Nb4 15. Bd2 Qd6 16. h4 h5 17. Rad1 b6 18. Ne5 Nd5 19. Bxd5 Qxd5 
20. Qxd5 exd5 21. Rc1 Bf5 22. Nc6 Rfe8 23. Re7 Kf8 24. Rb7 Rac8 25. Rxb6 Re6 
26. Be3 Bf6 27. Rb8 Rxb8 28. Nxb8 Rb6 29. Rc6 Rxb8 30. Rxf6 Be6 31. Bd2 Rxb2 
32. Bxa5 Ra2 33. Bb6 Rxa4 34. Rf3 Ra1+ 35. Kh2 Re1 36. Rd3 Ke7 37. Bc5+ Kf6 
38. Bd6 Bf5 39. Rd2 g5 40. hxg5+ Kxg5 41. f3 Rb1 42. Re2 Rd1 43. Bc5 Be6 
44. Kg3 h4+ 45. Kf2 Kf6 46. g4 hxg3+ 47. Kxg3 Rg1+ 48. Kf2 Rh1 49. Re5 Rh6 
50. Bb6 Ke7 51. Rg5 Rh8 52. Bc5+ Kf6 53. Rg1 Rh4 54. Rg8 Kf5 55. Be7 Rh7 
56. Rg5+ Kf4 57. Rg2 Kf5 58. Rg5+ Kf4 59. Rg2 Kf5 60. Rg5+ 1/2-1/2

[Event "Friday 12 January Rapid Engine Tour12+1 Rponds 9 Starts 1600 ST"]
[Site "Infinity Chess"]
[Date "2018.1.12"]
[Round "3"]
[White "Vimtiroba"]
[Black "Eman"]
[Result "1/2-1/2"]
[ECO "B23"]
[WhiteElo "2464"]
[BlackElo "2466"]
[WhiteEngine "AsmFish@J10V3_CTG"]
[BlackEngine "Eman 1.61a 64-bit POPCNT"]
[EventType "Swiss"]
[WhiteTeam ""]
[BlackTeam ""]
[PlyCount "112"]
[TimeControl "720+1"]

1. e4 c5 2. Nc3 d6 3. Nge2 Nf6 4. d4 cxd4 5. Nxd4 a6 6. Be3 e5 7. Nb3 Be6 
8. Be2 Be7 9. Qd3 O-O 10. O-O Nc6 11. a3 Rc8 12. Nd5 Nd7 13. Qd2 h6 14. h3 Bg5 
15. Bxg5 hxg5 16. Rac1 g6 17. Bc4 b5 18. Be2 Kg7 19. c4 g4 20. cxb5 axb5 
21. Bxg4 Bxg4 22. hxg4 Qh4 23. f3 Rh8 24. Qe1 Qh2+ 25. Kf2 Nd4 26. Nxd4 exd4 
27. Rh1 Rxc1 28. Rxh2 Rxe1 29. Rxh8 Rb1 30. Rd8 Rxb2+ 31. Kg3 Nc5 32. g5 Ne6 
33. Rxd6 d3 34. Rd7 Nxg5 35. Nc7 Rb3 36. Kf4 Kh6 37. Ke3 Rxa3 38. Nxb5 Ra2 
39. g3 Rb2 40. Nd6 d2 41. Ke2 d1=Q+ 42. Kxd1 Nxf3 43. Nxf7+ Kh5 44. e5 Rb1+ 
45. Ke2 Kg4 46. Rd3 Rb2+ 47. Kd1 Rb6 48. Re3 Rb1+ 49. Kc2 Re1 50. Rxe1 Nxe1+ 
51. Kb2 Kf5 52. Kc3 Ke6 53. Ng5+ Kxe5 54. g4 Kf4 55. Ne6+ Kxg4 56. Kd2 Nf3+ 
1/2-1/2

[Event "Friday 12 January Rapid Engine Tour12+1 Rponds 9 Starts 1600 ST"]
[Site "Infinity Chess"]
[Date "2018.1.12"]
[Round "3"]
[White "Wolle"]
[Black "THE_MACHINE"]
[Result "1/2-1/2"]
[ECO "C50"]
[WhiteElo "2470"]
[BlackElo "2483"]
[WhiteEngine "Raubfisch X37a2_CTG"]
[BlackEngine "Houdini 6"]
[EventType "Swiss"]
[WhiteTeam ""]
[BlackTeam ""]
[PlyCount "85"]
[TimeControl "720+1"]

1. e4 e5 2. Nf3 Nc6 3. Bc4 Bc5 4. O-O Nf6 5. d3 d6 6. c3 O-O 7. Bg5 h6 8. Bh4 a6 
9. a4 g5 10. Bg3 Ba7 11. Nbd2 Nh7 12. h3 h5 13. Kh1 Kh8 14. b4 h4 15. Bh2 g4 
16. hxg4 Bxg4 17. b5 Na5 18. d4 exd4 19. cxd4 Bxd4 20. bxa6 bxa6 21. Rc1 Nxc4 
22. Rxc4 Bg7 23. e5 Qd7 24. Re1 Rae8 25. Qc2 Bf5 26. Qc3 h3 27. Rg1 dxe5 
28. Bxe5 f6 29. Bd4 hxg2+ 30. Rxg2 Bh6 31. Rxc7 Qe6 32. Rc6 Rc8 33. Rxe6 Rxc3 
34. Rxa6 Rd3 35. Be3 Bxe3 36. fxe3 Rxe3 37. a5 Rd8 38. Ra7 Ng5 39. Nxg5 fxg5 
40. Rxg5 Re1+ 41. Rg1 Rxg1+ 42. Kxg1 Rxd2 43. Rf7 1/2-1/2

[Event "Friday 12 January Rapid Engine Tour12+1 Rponds 9 Starts 1600 ST"]
[Site "Infinity Chess"]
[Date "2018.1.12"]
[Round "3"]
[White "Marsell"]
[Black "Katzenmaier"]
[Result "1/2-1/2"]
[ECO "C53"]
[WhiteElo "2489"]
[BlackElo "2484"]
[WhiteEngine "asmFishW_2018-01-11_popcnt"]
[BlackEngine "S_XPrO.251117.x64.POPCNT_CTG"]
[EventType "Swiss"]
[WhiteTeam ""]
[BlackTeam ""]
[PlyCount "143"]
[TimeControl "720+1"]

1. e4 e5 2. Nf3 Nc6 3. Bc4 Bc5 4. c3 Nf6 5. d3 d6 6. O-O O-O 7. h3 a5 8. Nbd2 h6 
9. Re1 Be6 10. b3 Bb6 11. a4 d5 12. Bb5 Ne7 13. exd5 Nfxd5 14. Qc2 c6 
15. Bc4 Ng6 16. d4 Ndf4 17. dxe5 Nh4 18. Bf1 Bd5 19. Re4 Nfg6 20. Bc4 Re8 
21. g3 Nxf3+ 22. Nxf3 Qd7 23. Bxd5 cxd5 24. e6 Rxe6 25. Rxe6 Qxe6 26. Kg2 Rd8 
27. Ra2 Qe4 28. Qxe4 dxe4 29. Nd2 Rd3 30. Nxe4 f5 31. Nd2 Rxc3 32. Nc4 Rxc1 
33. Nxb6 Rb1 34. Nc4 Rxb3 35. Nxa5 Rb4 36. Ra3 f4 37. Rb3 Rxa4 38. Nxb7 fxg3 
39. fxg3 Ra2+ 40. Kf3 Ne5+ 41. Kf4 Nd7 42. Nd6 Nc5 43. Rc3 Ra4+ 44. Kf5 Ra5 
45. Kf4 Ne6+ 46. Kg4 h5+ 47. Kh4 Rd5 48. Nc8 Ra5 49. Ne7+ Kh7 50. Re3 Nd4 
51. g4 hxg4 52. hxg4 g6 53. Re4 Nf3+ 54. Kg3 Ra3 55. Kf4 Kg7 56. g5 Kh7 
57. Nd5 Kg7 58. Ne3 Nh4 59. Re6 Ra5 60. Kg3 Nf5+ 61. Nxf5+ Rxf5 62. Re7+ Kg8 
63. Re1 Rxg5+ 64. Kf2 Rg4 65. Kf3 Rg5 66. Ra1 Rf5+ 67. Kg2 g5 68. Ra8+ Kf7 
69. Ra3 g4 70. Ra1 g3 71. Rf1 Rxf1 72. Kxf1 1/2-1/2

[Event "Friday 12 January Rapid Engine Tour12+1 Rponds 9 Starts 1600 ST"]
[Site "Infinity Chess"]
[Date "2018.1.12"]
[Round "3"]
[White "Deep_Impact"]
[Black "Harry_Potter"]
[Result "1/2-1/2"]
[ECO "A05"]
[WhiteElo "2508"]
[BlackElo "2513"]
[WhiteEngine "BrainFish_171226_x64_modern"]
[BlackEngine "asmFishW_2018-01-11_bmi2_CTG"]
[EventType "Swiss"]
[WhiteTeam ""]
[BlackTeam ""]
[PlyCount "93"]
[TimeControl "720+1"]

1. Nf3 Nf6 2. d4 d5 3. c4 e6 4. e3 Be7 5. Nc3 O-O 6. a3 b6 7. cxd5 exd5 
8. Bd3 c5 9. O-O Bb7 10. b3 Nbd7 11. Bb2 Bd6 12. Nb5 Bb8 13. Rc1 a6 14. Nc3 Re8 
15. Ne2 Bd6 16. Nf4 Qe7 17. a4 Rad8 18. Rc2 Rc8 19. Qd2 h6 20. Rfc1 Rcd8 
21. Qd1 c4 22. bxc4 Bxf4 23. exf4 dxc4 24. Bxc4 Qe4 25. Qd2 Nh5 26. Re1 Qg6 
27. Bd3 Qg4 28. h3 Qxf4 29. Re3 Ndf6 30. Ne5 Qg5 31. Nf3 Qf4 32. Ne5 Qg5 
33. g3 Nd5 34. Bc4 Nhf6 35. Qc1 Nxe3 36. Bxf7+ Kh7 37. Bxe8 Nxe8 38. Qxe3 Qf5 
39. Qe2 Qxh3 40. Rc6 Nf6 41. Qd3+ Kg8 42. Qc4+ Kh7 43. Qc2+ Kg8 44. Qc4+ Kh7 
45. Qd3+ Kg8 46. Qb3+ Kh7 47. Qd3+ 1/2-1/2

[Event "Friday 12 January Rapid Engine Tour12+1 Rponds 9 Starts 1600 ST"]
[Site "Infinity Chess"]
[Date "2018.1.12"]
[Round "3"]
[White "Gilgamesch"]
[Black "Murx"]
[Result "1/2-1/2"]
[ECO "C55"]
[WhiteElo "2513"]
[BlackElo "2470"]
[WhiteEngine "BrainFish_171005_x64_bmi2"]
[BlackEngine "BrainFish_171226_x64_modern"]
[EventType "Swiss"]
[WhiteTeam ""]
[BlackTeam ""]
[PlyCount "116"]
[TimeControl "720+1"]

1. e4 e5 2. Nf3 Nc6 3. Bc4 Nf6 4. d3 Bc5 5. O-O d6 6. c3 O-O 7. h3 a6 8. Re1 Ba7 
9. a4 Ne7 10. d4 Ng6 11. Nbd2 c6 12. Bf1 Re8 13. Qc2 Qc7 14. dxe5 Nxe5 
15. Nxe5 dxe5 16. a5 h6 17. Nf3 Qe7 18. Bd2 Nh7 19. Qc1 Qf6 20. Be3 Bxe3 
21. Qxe3 Be6 22. Rad1 Ng5 23. Nxg5 Qxg5 24. Qb6 Qe7 25. Rd3 Rad8 26. Red1 Rxd3 
27. Rxd3 g6 28. Rd1 Kg7 29. c4 c5 30. g3 Kf6 31. Rd6 Rc8 32. Kg2 h5 33. h4 Kg7 
34. Kh2 Qf6 35. Kg1 Qe7 36. Kh2 Qf6 37. Kg1 Qe7 38. b3 Bd7 39. Rd5 Bg4 
40. Rd6 Bd7 41. Rd5 Bg4 42. Qd6 Qxd6 43. Rxd6 Rc6 44. Rd5 Be6 45. Rd1 Bg4 
46. Rd5 Be6 47. Rd1 b6 48. f3 bxa5 49. Ra1 Rb6 50. Rxa5 Rxb3 51. Kf2 Rb2+ 
52. Ke3 g5 53. hxg5 Rb3+ 54. Kf2 Rb2+ 55. Ke1 Rb1+ 56. Kf2 Rb2+ 57. Ke1 Rb1+ 
58. Kf2 Rb2+ 1/2-1/2

[Event "Friday 12 January Rapid Engine Tour12+1 Rponds 9 Starts 1600 ST"]
[Site "Infinity Chess"]
[Date "2018.1.12"]
[Round "2"]
[White "MedusaV3"]
[Black "miguello"]
[Result "0-1"]
[ECO "B06"]
[WhiteElo "2371"]
[BlackElo "2408"]
[WhiteEngine "komodo-11.2.2-64bit"]
[BlackEngine "asmFishW_2017-11-19_popcnt_CTG"]
[EventType "Swiss"]
[WhiteTeam ""]
[BlackTeam ""]
[PlyCount "126"]
[TimeControl "720+1"]

1. e4 g6 2. d4 Bg7 3. c3 d6 4. Bd3 e5 5. Be3 exd4 6. cxd4 d5 7. Qa4+ Bd7 
8. Qb3 dxe4 9. Bc4 Nh6 10. Bxh6 Bxh6 11. Bxf7+ Kf8 12. Bd5 Nc6 13. Ne2 Kg7 
14. Bxe4 Re8 15. Nbc3 Bg4 16. Qxb7 Bxe2 17. Nxe2 Rxe4 18. Qxc6 Qe8 19. Qc2 Qe7 
20. f3 Re3 21. Kf2 Qh4+ 22. g3 Qf6 23. Ng1 Qxd4 24. Kg2 Rd8 25. Qxc7+ Rd7 
26. Qc6 Qd2+ 27. Kh3 Rd5 28. Qc7+ Kg8 29. Qc4 Bf8 30. Ne2 Rxe2 31. f4 Kg7 
32. Qc3+ Qxc3 33. bxc3 Rh5+ 34. Kg4 Rhxh2 35. Rxh2 Rxh2 36. Kf3 Rc2 37. Ke4 Rxc3 
38. Rg1 Kf6 39. Rg2 h5 40. g4 Rc4+ 41. Kd5 Rxf4 42. Rh2 Rxg4 43. Kc6 Kg5 
44. Kb7 h4 45. Rh1 Rf4 46. Kc7 Kg4 47. Kd7 h3 48. Kc7 Kg3 49. Rg1+ Kf2 
50. Rd1 h2 51. Kd7 Kg2 52. Ke6 h1=Q 53. Rxh1 Kxh1 54. Kd5 g5 55. Ke5 Rf1 
56. a4 g4 57. a5 g3 58. Ke6 g2 59. Kd7 g1=Q 60. Kc6 Qg6+ 61. Kb7 Rf7+ 
62. Ka8 Bd6 63. a6 Qg2# 0-1